Unix NetHack Version 5.0.0-0 post-release - last build May 30 2026 05:04:26 (55804bc15828dd6e32e9076e0726aa6fccb6e981,branch:main).

Game began 2026-05-30 11:43:17, ended 2026-05-30 23:10:33.

Kwijibo4686, lawful female human Valkyrie

                       ##
                       #---        ------  -------  -----
                      ##..+        +....+  |..|..|  +...|
   --------            #|.|        |....|  |..|..|  |...|
   |......+ #  ####    #|.----+-----....----..--|----...|
   |....<.| ######     #|.................%.......@.....|
   |.......##### #######|.-+--..-+--.......---|---|--...|
   ------.-      #     #|.|  |..|  |......{|....|@@%|...|
                        |.|  |..|  |.......|....|!!%|...|
                        |.----..----.......|.._.|%%%|...|
                        |.............{....|....|%%%|...|
                        |.------...------..---------|...|
                        +.|    |...|(((.-......|    |...|
                        |.+    |...|(((.|......|    +...|
                        |.|    |...|((( |......|    |...|
                        |.------...------......------...|
                        ................................|
                        ---------------------------------

Kwijibo4686 the Skirmisher  St:18 Dx:13 Co:18 In:8 Wi:9 Ch:9  Lawful
Dlvl:7  $:61 HP:53(53) Pw:16(16) AC:-6 Xp:5 T:1054 

Latest messages:
 "Velkommen, Kwijibo4686!  Welcome again to Sarangan's delicatessen!"
 You see here an uncursed tripe ration (for sale, 20 zorkmids).
 Restoring save file...
 Velkommen Kwijibo4686, the human Valkyrie, welcome back to NetHack!
 You do not owe Sarangan anything.
 You see here a clear potion (for sale, 7 zorkmids).
 You drop an uncursed food ration.
 Sarangan offers 23 gold pieces for your food ration.  Sell it? [ynaq] (n) n
 You see here an uncursed food ration (no charge).
 "Velkommen, Kwijibo4686!  Welcome again to Sarangan's delicatessen!"  You hear an animal carcass being offered in sacrifice.
 You do not owe Sarangan anything.
 You see here a clear potion (for sale, 7 zorkmids).
 You see here an uncursed food ration (no charge).
 You see the cave spider hide under a corpse.  You hear a door open.
 A cave spider was hidden under a partly eaten gnomish wizard corpse!  The cave spider bites!
 You kill the cave spider!
 You see here a partly eaten gnomish wizard corpse.
 You hear a door open.
 "Velkommen, Kwijibo4686!  Welcome again to Sarangan's delicatessen!"
 You see here an uncursed food ration (no charge).
 Restoring save file...
 Velkommen Kwijibo4686, the human Valkyrie, welcome back to NetHack!
 Really quit without saving? [yn] (n) y
 Sarangan gratefully inherits all your possessions.
 Do you want to see what you had when you quit? [ynq] (y) q

Inventory:
 Coins    ('$')
  $ - 61 gold pieces
 Weapons  (')')
  b - a +0 dagger (alternate weapon; not wielded)
  a - a blessed +1 spear (weapon in right hand)
 Armor    ('[')
  j - an uncursed +0 dwarvish iron helm (being worn)
  k - an uncursed +0 pair of iron shoes (being worn)
  c - an uncursed burnt +3 small shield (being worn)
  e - an uncursed +0 cloak of protection (being worn)
  l - an uncursed +0 banded mail (being worn)
 Comestibles  ('%')
  d - an uncursed food ration
 Potions  ('!')
  f - an uncursed potion of confusion
 Wands    ('/')
  i - a wand of slow monster (0:6)
 Tools    ('(')
  h - an uncursed lock pick
  m - an uncursed tallow candle

Kwijibo4686 the Valkyrie's attributes:

Background:
 You were a Skirmisher, a level 5 human Valkyrie.
 You were lawful, on a mission for Tyr
 who was opposed by Odin (neutral) and Loki (chaotic).
 You were right-handed.
 You were in the Gnomish Mines, on level 7.
 You entered the dungeon 1054 turns ago.
 It was nighttime.
 You had 238 experience points, 82 more were needed to attain level 6.

Basics:
 You had all 53 hit points.
 You had all 16 energy points (spell power).
 Your armor class was -6.
 Your wallet contained 61 zorkmids.
 Autopickup was on, but temporarily disabled while inside the shop.

Final Characteristics:
 Your strength was 18 (limit:18/100).
 Your dexterity was 13 (limit:18).
 Your constitution was 18 (limit:18).
 Your intelligence was 8 (limit:18).
 Your wisdom was 9 (limit:18).
 Your charisma was 9 (limit:18).

Final Status:
 You weren't hungry.
 You were unencumbered.
 You were wielding a spear.
 You had basic skill with spear.

Final Attributes:
 You were devoutly aligned.
 You were cold resistant.
 You were stealthy.
 You were protected.
 You survived.

Miscellaneous:
 You didn't encounter any bones levels.
 Total elapsed playing time was 54 minutes and 39 seconds.

Major events:
 Turn
    1: Kwijibo4686 the lawful human Valkyrie entered the dungeon
  638: entered the Gnomish Mines
  648: attained the rank of Skirmisher (level 3)
  917: reached Mine Town
 1054: quit

You didn't know any spells.

Skills:
 Fighting Skills
   bare handed combat [Unskilled]
   two weapon combat  [Unskilled]
   riding             [Unskilled]
 Weapon Skills
   dagger             [Basic]
   axe                [Unskilled]
   pick-axe           [Unskilled]
   short sword        [Unskilled]
   broadsword         [Unskilled]
   long sword         [Unskilled]
   two-handed sword   [Unskilled]
   saber              [Unskilled]
   hammer             [Unskilled]
   quarterstaff       [Unskilled]
   polearms           [Unskilled]
   spear              [Basic]
   trident            [Unskilled]
   lance              [Unskilled]
   sling              [Unskilled]
 Spellcasting Skills
   attack spells      [Unskilled]
   escape spells      [Unskilled]

Voluntary challenges:
 Character rerolling was not enabled.
 You were illiterate.
 You never genocided any monsters.
 You never polymorphed an object.
 You never changed form.
 You used no wishes.
Achievements:
 You entered the Gnomish Mines.
 You attained the rank of Skirmisher.
 You entered Minetown.
 You entered a temple.
 You entered a shop.

 The Dungeons of Doom: levels 1 to 4
    Level 1:
    Level 2:
       A fountain, a sink.
    Level 3:
       Some fountains.
    Level 4:
       An altar.
       Stairs down to The Gnomish Mines.
 The Gnomish Mines: levels 5 to 7
    Level 5:
    Level 6:
    Level 7: <- You were here.
       A food shop, a temple and an altar, some fountains.


Vanquished creatures:
  a gnome ruler
  a pony
  3 gnome leaders
  2 gnomish wizards
  a dwarf
 an acid blob
  a coyote
  a hobbit
  a giant rat
  2 cave spiders
 13 gnomes
  a gnome zombie
  a jackal
  a goblin
  a sewer rat
  3 grid bugs
  a kobold zombie
  4 newts
39 creatures vanquished.

No species were genocided or became extinct.

Farvel Kwijibo4686 the Valkyrie...

You quit in The Gnomish Mines on dungeon level 7 with 1313 points,
and 61 pieces of gold, after 1054 moves.
You were level 5 with a maximum of 53 hit points when you quit.

